 Dungeon Crawl Stone Soup version 0.21-a0-348-ga060c75 (webtiles) character file.

420 tof the Twirler (level 6, -12/49 HPs)
             Began as a Barachi Gladiator on Oct 6, 2017.
             Mangled by an ogre
             ... wielding a +0 giant spiked club
              (20 damage)
             ... on level 4 of the Dungeon.
             The game lasted 00:08:59 (4634 turns).

tof the Twirler (Barachi Gladiator)                 Turns: 4634, Time: 00:08:59

Health: -12/49     AC:  9    Str: 15    XL:     6   Next: 94%
Magic:  6/6        EV:  8    Int:  9    God:
Gold:   128        SH:  0    Dex: 15    Spells: 5/5 levels left

rFire    . . .     SeeInvis .   a - +0 quarterstaff
rCold    . . .     Gourm    .   (shield currently unavailable)
rNeg     . . .     Faith    .   v - +0 chain mail
rPois    .         Spirit   .   c - +0 helmet
rElec    .         Reflect  .   (no cloak)
rCorr    .         Harm     .   (no gloves)
MR       .....                  (no boots)
Stlth    ..........             u - amulet of regeneration
HPRegen  0.56/turn              (no ring)
MPRegen  0.10/turn              (no ring)

@: slow
A: +LOS, swims, slowness 1, strong legs 1
a: Hop


You were on level 4 of the Dungeon.
You were not hungry.

You visited 1 branch of the dungeon, and saw 6 of its levels.

You collected 128 gold pieces.

Inventory:

Hand Weapons
 a - a +0 quarterstaff (weapon)
 b - a +0 hunting sling
Missiles
 d - 2 throwing nets
 l - 19 sling bullets
 o - 7 tomahawks (quivered)
 w - 5 javelins
Armour
 c - a +0 helmet (worn)
 v - a +0 chain mail (worn)
Jewellery
 u - an amulet of regeneration (around neck)
Scrolls
 e - 5 scrolls of remove curse
 g - 2 scrolls of fear {unknown}
 i - 6 scrolls of identify {unknown}
 j - 2 scrolls of amnesia {unknown}
 n - 2 scrolls of teleportation {unknown}
 r - a scroll of magic mapping {unknown}
 s - 3 scrolls of enchant armour {unknown}
 t - a scroll of noise {unknown}
Potions
 h - 3 potions of lignification {unknown}
 q - a potion of curing {unknown}
 x - 2 potions of haste {unknown}
 z - a potion of ambrosia {unknown}
Books
 m - a book of Maledictions

   Spells                             Type                      Level
   a - Corona                         Hexes                        1
   b - Ensorcelled Hibernation        Hexes/Ice                    2
   c - Confuse                        Hexes                        3
   d - Tukima's Dance                 Hexes                        3
   e - Dazzling Spray                 Conjuration/Hexes            3
Comestibles
 f - 5 bread rations
 p - 20 fruits


   Skills:
 + Level 4.4 Fighting
 * Level 5.8 Staves
 + Level 3.5 Throwing
 + Level 4.7 Dodging


You had 5 spell levels left.
You didn't know any spells.

Dungeon Overview and Level Annotations

Branches:
Dungeon (6/15)
 Temple: D:4-7

Altars:
Ru


Innate Abilities, Weirdness & Mutations

Shadows flee at your approach. (+LOS)
You can swim through water.
You cover ground slowly.
You can hop short distances.


Message History

The ogre is severely wounded.
The ogre barely misses you.
You hit the ogre but do no damage.
The ogre is severely wounded.
You hit the ogre.
The ogre is severely wounded.
The ogre hits you with a giant spiked club.
You hit the ogre.
The ogre is severely wounded.
The ogre closely misses you.
You hit the ogre.
The ogre is severely wounded.
You hit the ogre but do no damage.
The ogre is severely wounded.
The ogre hits you with a giant spiked club!!
* * * LOW HITPOINT WARNING * * *
You hit the ogre.
The ogre is almost dead.
The ogre hits you with a giant spiked club!!
You die...

#
#..(....#
#.#### #
#.......#
#.# ###
#.......#
#.# ..#
#########
#.# #.#
#.# .# #.#
.. #.#
#.#. #.#
.##. #@#
.# ##
.......O.#
##
##########


You could see an ogre.

Vanquished Creatures
  A sky beast (D:6)
  A bullfrog zombie (D:5)
  A hound (D:4)
  A centaur skeleton (D:5)
  Jessica (D:3)
  An iguana (D:5)
  3 worker ants
  5 adders
  2 dart slugs
  4 worms
  5 leopard geckos
  An orc (D:3)
  5 giant cockroaches
  6 goblins
  4 jackals (D:2)
  2 kobolds (D:2)
  3 quokkas
  9 bats
  3 frilled lizards
  9 rats
67 creatures vanquished.

Notes
Turn   | Place    | Note
-------+----------+-------------------------------------------
     0 | D:1      | tof the Barachi Gladiator began the quest for the Orb.
     0 | D:1      | Reached XP level 1. HP: 17/17 MP: 1/1
   264 | D:1      | Reached XP level 2. HP: 22/23 MP: 2/2
  1278 | D:1      | Reached XP level 3. HP: 8/28 MP: 3/3
  1698 | D:2      | Reached skill level 4 in Staves
  1913 | D:2      | Reached XP level 4. HP: 35/35 MP: 4/4
  2769 | D:3      | Noticed Jessica
  2786 | D:3      | Killed Jessica
  2786 | D:3      | Reached XP level 5. HP: 13/41 MP: 5/5
  3209 | D:3      | Found a faded altar of an unknown god.
  3409 | D:3      | Found a sacrificial altar of Ru.
  3602 | D:4      | You fall through a shaft for 2 floors!
  3611 | D:6      | Noticed a sky beast
  3632 | D:6      | Killed a sky beast
  3632 | D:6      | Reached skill level 5 in Staves
  3632 | D:6      | Reached XP level 6. HP: 10/48 MP: 6/6
  3724 | D:5      | Entered Level 5 of the Dungeon
  4634 | D:4      | Mangled by an ogre

Vault maps used:
D:1:      grunt_arrival_crossed_arrows, serial_co_window_serial,
          co_window_paths_b, co_window_paths_b, co_window_paths_b,
          co_window_corner_a, co_window_paths_b, co_window_broadway_b,
          co_window_of_opportunity_c, co_window_unsneaky_path_c, co_window_sun,
          glass_columns_a
D:2:      dk_vineyard_3
D:3:      chequers_ecumenical_altar_simple, nicolae_ru_path_of_blood,
          uniq_jessica
D:4:      first_bread
D:6:      lemuel_ice_spiral_2, uniq_pikel

Skill      XL: |  1  2  3  4  5  6 |
---------------+-------------------+-----
Fighting       | 3 4 |  4.4
Staves         | 4 5 |  5.8
Dodging        | 4 |  4.7
Throwing       | 3 |  3.5

Action                   |  1- 3 |  4- 6 || total
-------------------------+-------+-------++-------
Melee: Quarterstaff      |   103 |   148 ||   251
 Fire: Hunting sling     |       |    21 ||    21
Throw: Tomahawk          |     7 |    11 ||    18
       Throwing net      |     2 |       ||     2
 Abil: Hop               |     1 |       ||     1
  Use: Scroll            |       |     1 ||     1
 Stab: Held in net/web   |     1 |       ||     1
       Sleeping          |       |     1 ||     1
  Eat: Chunk             |     4 |     7 ||    11
       Royal jelly       |       |     1 ||     1
       Bread ration      |       |     1 ||     1
Armor: Leather armour    |    33 |    24 ||    57
       Chain mail        |       |    35 ||    35
Dodge: Dodged            |    93 |    89 ||   182

Table legend:
 A = Spawn XP
 B = Non-spawn XP
 C = Spawn XP percentage of total XP
 D = Spawn monster count
 E = Non-spawn monster count
 F = Spawn count percentage of total count
 G = Total turns spent on level
                    A         B        C        D         E        F      G
               +---------+---------+-------+---------+---------+-------+---------
         Total |       0 |     601 |   0.0 |       0 |      67 |   0.0 |  4634
               +---------+---------+-------+---------+---------+-------+---------
           D:1 |       0 |      42 |   0.0 |       0 |      17 |   0.0 |  1551
           D:2 |       0 |      84 |   0.0 |       0 |      29 |   0.0 |  1208
           D:3 |       0 |      52 |   0.0 |       0 |       7 |   0.0 |   813
           D:4 |       0 |     128 |   0.0 |       0 |       6 |   0.0 |   663
           D:5 |       0 |     139 |   0.0 |       0 |       6 |   0.0 |   277
           D:6 |       0 |     156 |   0.0 |       0 |       2 |   0.0 |   122
               +---------+---------+-------+---------+---------+-------+---------
